 Dungeon Crawl Stone Soup version 0.29-a0-1008-g949cc1d0fb (webtiles) character file.

Game seed: 908104554383108335

57 Zonian the Gusty (level 4, 0/24 HPs)
             Began as a Tengu Air Elementalist on Aug 7, 2022.
             Succumbed to an adder's poison
             ... on level 3 of the Dungeon.
             The game lasted 00:03:21 (2710 turns).

Zonian the Gusty (Tengu Air Elementalist)           Turns: 2710, Time: 00:03:21

Health: 0/24       AC:  2    Str:  7 (9)  XL:     4   Next: 0%
Magic:  7/8        EV: 12    Int: 15 (17) God:
Gold:   109        SH:  0    Dex: 13 (14) Spells: 6/7 levels left

rFire   . . .      SeeInvis .   e - +0 whip (pain)
rCold   . . .      Faith    .   (no shield)
rNeg    . . .      Spirit   .   a - +0 robe
rPois   .          Reflect  .   (helmet restricted)
rElec   .          Harm     .   (no cloak)
rCorr   .          Rampage  .   (no gloves)
Will    .....                   (boots unavailable)
Stlth   ++........              (no amulet)
HPRegen 0.08/turn               (no ring)
MPRegen 0.11/turn               (no ring)

@: lethally poisoned (0 -> -2)
A: beak, talons 3
a: no special abilities


You were on level 3 of the Dungeon.
You visited 1 branch of the dungeon, and saw 3 of its levels.

You collected 109 gold pieces.

Inventory:

Hand Weapons
 e - a +0 whip of pain (weapon)
Armour
 a - a +0 robe (worn)
 g - a +0 buckler
 h - an orb of guile
Scrolls
 d - a scroll of magic mapping {unknown}
 j - a scroll of teleportation {unknown}
 l - a scroll of summoning {unknown}
 m - a scroll of identify {unknown}
 o - a scroll of noise {unknown}
Potions
 c - a potion of haste {unknown}
 f - a potion of mutation {unknown}
 i - a potion of lignification {unknown}
 k - a potion of degeneration
 n - a potion of attraction {unknown}


   Skills:
 + Level 2.7 Dodging
 + Level 2.6 Stealth
 + Level 2.4 Spellcasting
 + Level 2.4 Conjurations
 + Level 4.5 Air Magic


You had 6 spell levels left.
You knew the following spells:

 Your Spells              Type           Power      Damage    Failure   Level
a - Shock                 Conj/Air       48%        1d6       4%          1

Your spell library contained the following spells:

 Spells                   Type           Power      Damage    Failure   Level
 Static Discharge         Conj/Air       12%        3-5/arc   8%          2
 Swiftness                Air            15%        N/A       10%         3
 Mephitic Cloud           Conj/Pois/Air  8%         N/A       24%         3
 Airstrike                Air            7%         2d(2-18)  32%         4
 Dazzling Flash           Conj/Hex       10%        N/A       36%         3
 Ignite Poison            Fire/Tmut/Pois 1%         N/A       54%         3
 Iskenderun's Mystic Bla  Conj/Tloc      5%         2d3       77%         4
 Freezing Cloud           Conj/Ice/Air   4%         6-21      92%         5
 Starburst                Conj/Fire      2%         6d3       100%        6


Dungeon Overview and Level Annotations

Branches:
Dungeon (3/15)

Altars:


Innate Abilities, Weirdness & Mutations

You have a beak for a mouth.
You have claws for feet.


Message History

Aim: an adder (lightly wounded, 53% to hit)
The zap hits the adder.
The adder is lightly wounded.
You feel sick. The adder bites you.
Unknown command.
Casting: Shock (safe; 4% risk of failure)
Confirm with . or Enter, or press ? or * to list all spells.
Aiming: Shock (safe; 4% risk of failure)
Press: ? - help, Shift-Dir - straight line, f/p - adder
Aim: an adder (lightly wounded, 53% to hit)
The zap hits the adder.
The adder is heavily wounded.
* * * LOW HITPOINT WARNING * * *
You feel sick. The adder barely misses you. x2
Magic courses through your body.
You feel sick. The adder bites you.
* * * LOW HITPOINT WARNING * * *
Unknown command.
Casting: Shock (safe; 4% risk of failure)
Confirm with . or Enter, or press ? or * to list all spells.
Aiming: Shock (safe; 4% risk of failure)
Press: ? - help, Shift-Dir - straight line, f/p - adder
Aim: an adder (heavily wounded, 53% to hit)
The zap hits the adder.
The adder is heavily wounded.
* * * LOW HITPOINT WARNING * * *
You feel sick. The adder bites you.
* * * LOW HITPOINT WARNING * * *
Casting: Shock (safe; 4% risk of failure)
Confirm with . or Enter, or press ? or * to list all spells.
Aiming: Shock (safe; 4% risk of failure)
Press: ? - help, Shift-Dir - straight line, f/p - adder
Aim: an adder (heavily wounded, 53% to hit)
The zap hits the adder.
The adder is almost dead.
* * * LOW HITPOINT WARNING * * *
You feel sick. The adder barely misses you. x2
It was a potion of degeneration.
There was something very wrong with that liquid.
You feel weakened.
You feel dopey.
You feel clumsy.
You die...

#.......#
#.[.....#
#.......#
###.......#
.........#
##.....<..#
###.........#
#....<......#
####@S.......
#......#######.
#####..# #..#
#..# #... ##.#
#.#


You could see an adder.

Vanquished Creatures
  2 dart slugs (D:1)
  8 endoplasms
  A giant cockroach (D:1)
  6 goblins
  2 hobgoblins
  4 jackals (D:1)
  3 quokkas (D:1)
  6 ball pythons
  6 bats
  2 frilled lizards (D:1)
  4 kobolds
  5 rats
49 creatures vanquished.

Notes
Turn   | Place    | Note
-------+----------+-------------------------------------------
     0 | D:1      | Zonian the Tengu Air Elementalist began the quest for the
                  | Orb.
     0 | D:1      | Reached XP level 1. HP: 10/10 MP: 4/4
   244 | D:1      | Reached XP level 2. HP: 15/15 MP: 0/6
   998 | D:1      | Reached XP level 3. HP: 19/19 MP: 3/7
  1919 | D:2      | Found a faded altar of an unknown god.
  2645 | D:2      | Reached XP level 4. HP: 24/24 MP: 5/8
  2709 | D:3      | HP: 1/24 [poisoned by an adder]
  2710 | D:3      | Succumbed to an adder's poison

Illustrated notes

Levels and vault maps discovered:
D:1:      dpeg_arrival_rooms_with_view, layout_loops_ring, minmay_misc_feat_x
D:2:      layout_basic, hellmonk_ecumenical_altar_pennies_from_heaven
D:3:      layout_basic, mainiacjoe_overflow_alcove_4,
          nicolae_overflow_crystal_walls, vehumet_crystals

Skill      XL: |  1  2 |
---------------+-------+-----
Conjurations   | 2 |  2.4
Dodging        | |  2.7
Stealth        | |  2.6
Spellcasting   | |  2.4
Air Magic      | |  4.5

Action                   |  1- 3 |  4- 6 || total
-------------------------+-------+-------++-------
Melee: Whip              |     9 |       ||     9
       Kick              |     2 |       ||     2
 Cast: Shock             |    99 |     8 ||   107
  Use: Potion            |       |     2 ||     2
Armor: Robe              |     2 |       ||     2
Dodge: Dodged            |    14 |     4 ||    18

Table legend: (Time is in decaauts)
 A = Elapsed time spent in this place.
 B = Non-inter-level travel time spent in this place.
 C = Inter-level travel time spent in this place.
 D = Time resting spent in this place.
 E = Time spent auto-exploring this place.
 F = Levels seen in this place.
 G = Mean time per level.
                   A        B        C        D        E       F      G
               +--------+--------+--------+--------+--------+-----+--------+
         Total |   2712 |   2676 |     36 |    617 |   1749 |   3 |  904.0 |
       Dungeon |   2712 |   2676 |     36 |    617 |   1749 |   3 |  904.0 |
               +--------+--------+--------+--------+--------+-----+--------+

Top non-repeatable levels by time:
     D:1: 1778 daAuts
     D:2: 923 daAuts
     D:3: 10 daAuts
